 Dungeon Crawl Stone Soup version 0.30.1-3-gfc49f6343a (webtiles) character file.

Game seed: 11670614858280217150

1017 Fodor the Covered (level 8, 0/70 HPs)
             Began as a Minotaur Fighter on July 25, 2023.
             Succumbed to a killer bee's poison
             ... on level 5 of the Dungeon.
             The game lasted 00:23:44 (5317 turns).

Fodor the Covered (Minotaur Fighter)                Turns: 5317, Time: 00:23:44

Health: 0/70       AC:  7    Str: 23    XL:     8   Next: 2%
Magic:  7/7        EV: 10    Int:  5    God:
Gold:   284        SH:  5    Dex: 10    Spells: 7/7 levels left

rFire   . . .        s - +1 flail (heavy)
rCold   . . .        c - +0 buckler
rNeg    . . .        b - +0 scale mail
rPois   .            (helmet restricted)
rElec   .            (no cloak)
rCorr   .            (no gloves)
SInv    .            (no boots)
Will    .....        (no amulet) Stlth
                     (no ring)
HPRegen 0.31/turn    (no ring)
MPRegen 0.10/turn

%: no passive effects
@: lethally poisoned (0 -> -4)
A: horns 2, retaliatory headbutt
a: no special abilities


You were on level 5 of the Dungeon.
You visited 1 branch of the dungeon, and saw 5 of its levels.
You also visited: Sewer.

You collected 284 gold pieces.

Inventory:

Hand Weapons
 a - a +0 long sword
 j - the +7 sling "Mirib" {flame, Fragile Str+5 Int+3 SInv}
   (You found it on level 2 of the Dungeon)

   Str:       It affects your strength (+5).
   Int:       It affects your intelligence (+3).
   SInv:      It lets you see invisible.
   Fragile:   It will be destroyed if unequipped.
 s - a +1 heavy flail (weapon)
Missiles
 r - 3 poisoned darts (quivered)
Armour
 b - a +0 scale mail (worn)
 c - a +0 buckler (worn)
Scrolls
 f - 2 scrolls of immolation
 g - a scroll of enchant armour {unknown}
 h - 5 scrolls of vulnerability
 i - 3 scrolls of teleportation
 l - 2 scrolls of fear
 n - a scroll of summoning
 t - a scroll of fog
 u - a scroll of brand weapon
 w - 2 scrolls of amnesia {unknown}
 x - a scroll of poison {unknown}
Potions
 d - 2 potions of curing
 e - 3 potions of mutation {unknown}
 k - a potion of lignification {unknown}
 m - 3 potions of might
 o - a potion of brilliance {unknown}
 p - a potion of flight {unknown}
 q - a potion of resistance
 v - 2 potions of haste {unknown}


   Skills:
 + Level 5.8 Fighting
 + Level 4.9 Long Blades
 + Level 4.1 Maces & Flails
 + Level 6.8 Armour
 + Level 2.5 Dodging
 + Level 1.4 Stealth
 + Level 5.3 Shields


You had 7 spell levels left.
You didn't know any spells.
Your spell library contained the following spells:

 Spells                   Type           Power      Damage    Failure   Level
 Apportation              Tloc           0%         N/A       83%         1
 Magic Dart               Conj           0%         1d3       83%         1
 Necrotise                Necr           0%         1d4       83%         1
 Summon Small Mammal      Summ           0%         N/A       83%         1
 Call Imp                 Summ           0%         N/A       92%         2
 Mephitic Cloud           Conj/Pois/Air  0%         N/A       99%         3


Dungeon Overview and Level Annotations

Branches:
Dungeon (5/15)              Sewer (visited)
 Temple: D:4-7

Altars:
Ashenzari
Cheibriados
Hepliaklqana
Nemelex Xobeh
Okawaru
Trog
Wu Jian
The Shining One

Shops:
D:2 :


Innate Abilities, Weirdness & Mutations

You have a pair of horns on your head.
You reflexively headbutt those who attack you in melee.


Message History

You block the killer bee's attack.
You feel very sick.
The killer bee stings you but does no damage.
You block the killer bee's attack. The killer bee barely misses you.
The killer bee stings you.
You feel sick. You block the killer bee's attack. The killer bee stings you. x2
You block the killer bee's attack.
The killer bee attacks as you move away!
The killer bee stings you.
* * * LOW HITPOINT WARNING * * *
You are more poisoned.
The killer bee poisons you!
The killer bee attacks as you move away!
The killer bee misses you.
You feel very sick. The killer bee closely misses you. You furiously retaliate!
You headbutt the killer bee.
The killer bee stings you but does no damage.
The killer bee stings you.
* * * LOW HITPOINT WARNING * * *
As you read the scroll of teleportation, it crumbles to dust.
You feel strangely unstable.
You feel very sick. The killer bee barely misses you.
The killer bee stings you but does no damage.
The killer bee completely misses you. You block the killer bee's attack.
The killer bee misses you. You furiously retaliate!
You headbutt the killer bee.
The killer bee stings you but does no damage.
The killer bee stings you.
* * * LOW HITPOINT WARNING * * *
You block the killer bee's attack.
As you read the scroll of fear, it crumbles to dust.
You assume a fearsome visage.
The killer bee looks frightened! x6
* * * LOW HITPOINT WARNING * * *
You feel sick.
Your surroundings suddenly seem different.
* * * LOW HITPOINT WARNING * * *
You feel sick.
You die...

#####.# #.....###
#.###...# ##########.#
###.######## #.......##.#
#.......#..
#.......##.####.#.###.#<.
#....>..........#........
#..............###..#....
#.......@.....##.##..###.
#............#'...##..##.
#...........##..#..##..#.
#..........##..#.#..##...
#........###..#._.#..###.
#..........##..#.#..##...
#...........##..#..##..#.
#####........##...##..##.
#.........##.##..###.


There were no monsters in sight!

Vanquished Creatures
  A wyvern (D:4)
  A water moccasin (D:5)
  Pargi (Sewer)
  An ice beast (D:5)
  A black bear (D:5)
  A kobold brigand (Sewer)
  A scorpion (D:5)
  A hound (D:5)
  A jelly (D:5)
  A sleepcap (D:5)
  Jessica (D:2)
  An iguana (D:5)
  8 adders
  4 gnolls
  An ufetubus (D:5)
  5 worms
  3 dart slugs
  5 orcs
  10 ball pythons
  7 endoplasms
  6 giant cockroaches
  6 goblins
  8 hobgoblins
  5 jackals
  3 quokkas
  6 bats
  7 frilled lizards
  7 kobolds
  18 rats
121 creatures vanquished.

Notes
Turn   | Place    | Note
-------+----------+-------------------------------------------
     0 | D:1      | Fodor the Minotaur Fighter began the quest for the Orb.
     0 | D:1      | Reached XP level 1. HP: 19/19 MP: 0/0
   200 | D:1      | Reached XP level 2. HP: 26/27 MP: 1/1
   345 | D:1      | Reached XP level 3. HP: 5/34 MP: 2/2
   997 | D:1      | Reached skill level 4 in Armour
  1335 | D:2      | Identified the +7 sling "Mirib" {flame, Fragile Str+5 Int+3
                  | SInv}
  1360 | D:2      | Reached XP level 4. HP: 26/41 MP: 3/3
  1564 | D:2      | Found Zeuqam's Book Shop.
  1950 | D:2      | Noticed Jessica
  1959 | D:2      | Killed Jessica
  1960 | D:2      | Reached XP level 5. HP: 41/47 MP: 4/4
  2363 | D:3      | Found an iron altar of Okawaru.
  2577 | D:3      | Found a hazy altar of Hepliaklqana.
  2577 | D:3      | Found a sparkling altar of Nemelex Xobeh.
  2719 | D:3      | Found an ornate altar of the Wu Jian Council.
  2811 | D:3      | Found a glowing drain.
  2827 | Sewer    | Entered a sewer
  2878 | Sewer    | Reached skill level 1 in Dodging
  2878 | Sewer    | Reached XP level 6. HP: 20/53 MP: 5/5
  3008 | Sewer    | Noticed Pargi
  3017 | Sewer    | Killed Pargi
  3018 | Sewer    | Reached skill level 1 in Maces & Flails
  3018 | Sewer    | Reached skill level 5 in Armour
  3302 | D:3      | Reached skill level 5 in Fighting
  4123 | D:4      | Found a snail-covered altar of Cheibriados.
  4126 | D:4      | Noticed a wyvern
  4135 | D:4      | Killed a wyvern
  4136 | D:4      | Reached skill level 5 in Shields
  4136 | D:4      | Reached XP level 7. HP: 18/61 MP: 6/6
  4684 | D:4      | Found a bloodstained altar of Trog.
  4740 | D:5      | Entered Level 5 of the Dungeon
  4753 | D:5      | Found a glowing golden altar of the Shining One.
  4833 | D:5      | Reached skill level 1 in Stealth
  4838 | D:5      | Reached skill level 6 in Armour
  4893 | D:5      | Found a broken altar of Ashenzari.
  5183 | D:5      | Reached XP level 8. HP: 66/70 MP: 7/7
  5315 | D:5      | HP: 3/70 [poisoned by a killer bee]
  5317 | D:5      | Succumbed to a killer bee's poison

Illustrated notes

Levels and vault maps discovered:
D:1:      shiori_shiawase, layout_basic, st_stairs_12, minmay_misc_feat_five,
          minmay_rat_gold_closets
D:2:      layout_basic, serial_shops, nicolae_shop_hallway_plus,
          kennysheep_jessica_study
D:3:      layout_rooms, okawaru_trees_1, nzn_wu_jian_contemplation,
          mainiacjoe_overflow_divided_tiny, cheibrodos_sewer_entry_bend
D:4:      layout_loops_ring, lightli_temple_of_fire,
          mainiacjoe_overflow_brackets
D:5:      layout_basic, tso_metal_star, lemuel_crystal_altar, minivault_27,
          minmay_misc_feat_hallway, minmay_misc_feat_square

Skill      XL: |  1  2  3  4  5  6  7 |
---------------+----------------------+-----
Fighting       | 4 5 |  5.8
Long Blades    | 3 4 |  4.9
Shields        | 4 5 |  5.3
Armour         | 4 5 6 |  6.8
Dodging        | 1 2 |  2.5
Maces & Flails | 2 4 |  4.1
Stealth        | 1 |  1.4

Action                     |  1- 3 |  4- 6 |  7- 9 || total
---------------------------+-------+-------+-------++-------
  Melee: Long sword        |    99 |    70 |       ||   169
         Headbutt          |    18 |    24 |     6 ||    48
         Flail             |       |    77 |    27 ||   104
    Use: Potion            |     2 |       |     3 ||     5
         Scroll            |       |    10 |     2 ||    12
 Armour: Scale mail        |    40 |    98 |    28 ||   166
  Dodge: Dodged            |    48 |   111 |    34 ||   193
  Block: Buckler           |    23 |    51 |    20 ||    94
